AoeStats
← mackie3010

Glade

503632912Analyzed
1v1 RM · 1mo ago on Sep 1, 2026· 134m 44s· 2 players
Game mode
Random Map
Map size
Tiny (2 player)
Population
200
Speed
Normal
Resources
Standard
Victory
Conquest
Starting age
Dark Age
Ending age
Imperial Age
RankedLock teamsTeams togetherTeam positionsShared explorationLock speedFull tech treeHidden civsTurbo modeCheats
Victory
Defeat
🇺🇸 Burgundians · United States
197
+12
111
-12
mackie3010
14:52 Feudal Age
14:47 Loom
15:48 Wheelbarrow
19:12 Forging
18:53 Fletching
23:02 Castle Age
21:23 Horse Collar
21:33 Double-Bit Axe
25:59 Wheelbarrow
26:37 Heavy Plow
29:32 Murder Holes
30:06 Hand Cart
29:45 Pikeman
31:08 Iron Casting
30:36 Scale Mail Armor
35:24 Bow Saw
35:50 Crop Rotation
37:06 Guilds
39:51 Imperial Age
37:07 Town Watch
37:16 Town Watch
38:26 Ballistics
37:52 Treadmill Crane
41:33 Chemistry
40:25 Arrowslits
40:30 Guard Tower
41:51 Burgundian Vineyards
42:24 Hoardings
45:03 Town Patrol
46:31 Blast Furnace
45:47 Chain Mail Armor
45:27 Bodkin Arrow
45:39 Scale Barding Armor
47:22 Elite Coustillier
48:44 Onager
50:19 Cavalier
51:00 Husbandry
51:09 Devotion
59:40 Paladin
61:49 Chain Barding Armor
62:02 Plate Mail Armor
61:33 Bracer
62:13 Light Cavalry
69:28 Hussar
69:53 Halberdier
70:34 Squires
75:44 Man-at-Arms
78:05 Long Swordsman
80:40 Keep
80:28 Bombard Tower
81:54 Two-Handed Swordsman
87:59 Plate Barding Armor
87:25 Padded Archer Armor
91:30 Two-Handed Swordsman
92:46 Leather Archer Armor
95:04 Champion
101:47 Two-Man Saw
106:39 Fortified Wall
106:22 Arson
109:59 Capped Ram
tú peor pesadilla | trade.tf
12:10 Feudal Age
14:06 Loom
14:32 Horse Collar
14:40 Double-Bit Axe
16:09 Bloodlines
21:28 Wheelbarrow
21:49 Gold Mining
21:50 Stone Mining
22:32 Fletching
22:46 Padded Archer Armor
27:08 Castle Age
28:30 Hand Cart
28:39 Husbandry
28:00 Light Cavalry
29:55 Forging
29:43 Bodkin Arrow
30:04 Leather Archer Armor
32:25 Scale Barding Armor
32:21 Scale Mail Armor
34:26 Stone Shaft Mining
37:35 Heavy Plow
37:49 Bow Saw
38:01 Circumnavigation
40:54 Imperial Age
39:35 Chain Mail Armor
41:19 Elite Organ Gun
44:04 Two-Man Saw
43:39 Crop Rotation
43:22 Bracer
43:59 Iron Casting
45:32 Ballistics
45:28 Arquebus
47:10 Chemistry
46:33 Cavalier
53:06 Chain Barding Armor
54:16 Town Watch
54:32 Guard Tower
55:54 Keep
55:20 Murder Holes
55:30 Siege Engineers
55:36 Fortified Wall
56:19 Masonry
56:34 Bombard Tower
56:38 Treadmill Crane
58:17 Bombard Tower
58:28 Masonry
72:31 Pikeman
73:07 Halberdier
80:32 Ring Archer Armor
80:33 Plate Mail Armor
80:39 Plate Barding Armor
81:04 Blast Furnace
84:46 Conscription
86:44 Heated Shot
Connection lost

Rejoining the realm…

Still unreachable

The connection could not be restored.

Session expired

The server has moved on; the page needs a fresh start.